 Dungeon Crawl Stone Soup version 0.25-a0-1078-gea6e5d949a (webtiles) character file.

Game seed: 12824475482999641144, levelgen mode: deterministic

55 Konserwa the Digger (level 3, -5/19 HPs)
             Began as a Gargoyle Earth Elementalist on May 15, 2020.
             Slain by Sigmund
             ... wielding a +0 scythe
              (8 damage)
             ... on level 2 of the Dungeon.
             The game lasted 00:03:33 (1190 turns).

Konserwa the Digger (Gargoyle Earth Elementalist)   Turns: 1190, Time: 00:03:33

Health: -5/19      AC:  6    Str: 11    XL:     3   Next: 93%
Magic:  4/7        EV: 12    Int: 16    God:
Gold:   90         SH:  0    Dex: 10    Spells: 3/7 levels left

rFire    . . .     SeeInvis .   h - +3 dagger
rCold    . . .     Gourm    .   (no shield)
rNeg     + . .     Faith    .   c - +0 robe
rPois    ∞         Spirit   .   k - +0 helmet
rElec    +         Reflect  .   (no cloak)
rCorr    .         Harm     .   (no gloves)
MR       .....                  (no boots)
Stlth    +.........             (no amulet)
HPRegen  0.06/turn              (no ring)
MPRegen  0.10/turn              (no ring)

@: confused, mighty
A: negative energy resistance 1, electricity resistance, unbreathing,
petrification resistance, rot immunity, AC +3
a: no special abilities


You were on level 2 of the Dungeon.
You were not hungry.

You visited 1 branch of the dungeon, and saw 2 of its levels.

You collected 90 gold pieces.

Inventory:

Hand Weapons
 a - a +0 club
 h - a +3 dagger (weapon)
 i - a +0 dagger of draining
 m - a +0 short sword
Missiles
 b - 39 stones (quivered)
Armour
 c - a +0 robe (worn)
 k - a +0 helmet (worn)
Scrolls
 g - a scroll of remove curse {unknown}
 j - a scroll of blinking {unknown}
 l - a scroll of immolation {unknown}
 n - a scroll of fog {unknown}
 o - a scroll of teleportation {unknown}
Comestibles
 d - 4 rations
 f - 7 chunks of flesh


   Skills:
 - Level 1.5 Dodging
 - Level 2.1 Stealth
 + Level 2.9 Spellcasting
 + Level 1.0 Conjurations
   Level 0.7 Transmutations
 + Level 4.6 Earth Magic


You had 3 spell levels left.
You knew the following spells:

 Your Spells              Type           Power        Failure   Level  Hunger
a - Sandblast             Erth           ###...       2%          1    #......
b - Stone Arrow           Conj/Erth      ##....       19%         3    ###....

Your spell library contained the following spells:

 Spells                   Type           Power        Failure   Level  Hunger
 Passwall                 Tmut/Erth      ##......     10%         2    ##.....
 Petrify                  Tmut/Erth      ##......     52%         4    #####..
 Lee's Rapid Deconstruct  Erth           ###.......   61%         5    ######.


Dungeon Overview and Level Annotations

Branches:
Dungeon (2/15)

Altars:

Annotations:
D:2 Sigmund


Innate Abilities, Weirdness & Mutations

You are resistant to torment.
Your stone body is resilient. (AC +3)
You are immune to poison.
You resist negative energy. (rN+)
You are resistant to electric shocks. (rElec)
You can survive without breathing.
You are immune to petrification.
You are immune to rotting.


Message History

You aren't carrying any potions.
Unknown command.
You're too confused!
Unknown command.
Unknown command.
You bump into the rock wall.
Unknown command.
You aren't carrying any potions.
Unknown command.
Unknown command.
Unknown command.
You aren't carrying any items that you can evoke.
Unknown command.
You aren't carrying any potions.
Unknown command.
Unknown command.
Sigmund barely misses you.
You're too confused to move!
Sigmund hits you from afar with a +0 scythe!
You die...

......................
.............g........
......†...............
%..........###@#######
.....#.####..#.##
...### #÷#.## #.#
##@#### .# # ##.....#
.#. #@.###..# #.###.##
.# #.#...# .. #...###
.. ##.#####..## .
#.........+
#..#####..## #...###
#.#...#


You could see Sigmund.

Vanquished Creatures
  2 adders (D:2)
  A dart slug (D:1)
  A leopard gecko (D:1)
  A ball python (D:1)
  3 bats
  4 goblins
  5 hobgoblins
  7 kobolds
  A quokka (D:2)
  3 frilled lizards (D:1)
  4 rats (D:1)
32 creatures vanquished.

Notes
Turn   | Place    | Note
-------+----------+-------------------------------------------
     0 | D:1      | Konserwa the Gargoyle Earth Elementalist began the quest
                  | for the Orb.
     0 | D:1      | Reached XP level 1. HP: 10/10 MP: 3/3
   268 | D:1      | Reached XP level 2. HP: 4/15 MP: 3/5
   271 | D:1      | Reached skill level 4 in Earth Magic
   855 | D:1      | Reached XP level 3. HP: 19/19 MP: 7/7
   871 | D:1      | Learned a level 3 spell: Stone Arrow
  1156 | D:2      | Noticed Sigmund
  1174 | D:2      | Reached skill level 1 in Conjurations
  1190 | D:2      | Slain by Sigmund

Illustrated notes

Levels and vault maps discovered:
D:1:      dpeg_arrival_erosion, layout_rooms
D:2:      cheibrodos_greedy_goblins, layout_loops_ring, first_ration,
          wad_floor_pattern_2, uniq_sigmund

Skill      XL: |  1  2  3 |
---------------+----------+-----
Earth Magic    | 4 |  4.6
Conjurations   | 1 |  1.0
Dodging        | |  1.5
Stealth        | |  2.1
Spellcasting   | |  2.9
Transmutations | |  0.7

Action                   || total
-------------------------++-------
Melee: Club              ||     9
       Unarmed           ||     6
       Dagger            ||    61
 Cast: Sandblast         ||    17
  Use: Potion            ||     1
 Stab: Sleeping          ||     2
  Eat: Chunk             ||     1
Armor: Robe              ||    26
Dodge: Dodged            ||    58

Table legend:
 A = Non-vault XP
 B = Vault XP
 C = Vault XP percentage of total XP
 D = Non-vault monster count
 E = Vault monster count
 F = Vault count percentage of total count
                 A         B        C        D         E       F
            +---------+---------+-------+---------+---------+-------
      Total |      79 |       0 |   0.0 |      32 |       0 |   0.0
            +---------+---------+-------+---------+---------+-------
        D:1 |      43 |       0 |   0.0 |      25 |       0 |   0.0
        D:2 |      36 |       0 |   0.0 |       7 |       0 |   0.0
            +---------+---------+-------+---------+---------+-------
